 Dungeon Crawl Stone Soup version 0.28-a0-1594-ga885d4b3d6 (webtiles) character file.

Game seed: 2906229735374248006

14307 kae the Grappler (level 11, -13/112 HPs)
             Began as a Green Draconian Transmuter on Jan 20, 2022.
             Was a Follower of Ru.
             Mangled by Erolcha (27 damage)
             ... on level 11 of the Dungeon.
             The game lasted 00:14:44 (16285 turns).

kae the Grappler (Green Draconian Transmuter)      Turns: 16285, Time: 00:14:44

Health: -13/112    AC: 11    Str: 15    XL:     11   Next: 87%
Magic:  0/21       EV: 11    Int: 22    God:    Ru [*.....]
Gold:   2443       SH:  0    Dex: 11    Spells: 15/23 levels left

rFire   x x .      SeeInvis .     - Unarmed
rCold   + + +      Faith    .   (shield currently unavailable)
rNeg    . . .      Spirit   +   (armour unavailable)
rPois   +          Reflect  .   (helmet currently unavailable)
rElec   .          Harm     .   (cloak currently unavailable)
rCorr   .          Rampage  .   (gloves currently unavailable)
Will    .....                   (boots currently unavailable)
Stlth   +.........              v - amulet of guardian spirit
HPRegen 0.28/turn               j - +6 ring of intelligence
MPRegen 0.17/turn               k - ring of ice

@: short of breath, ice-form, unable to read
A: freezing attack, amphibious, boosted hp, (breathe noxious fumes), AC +7,
large, unfitting armour, (poison resistance), (cold-blooded), inability to read
while threatened
a: End Transformation, Renounce Religion


You were on level 11 of the Dungeon.
You worshipped Ru.
Ru was aware of your devotion.
You were a creature of crystalline ice.
You visited 2 branches of the dungeon, and saw 12 of its levels.
You also visited: Ossuary and Bailey.

You collected 2443 gold pieces.

Inventory:

Missiles
 o - 4 throwing nets
Armour
 g - a +0 pair of gloves (melded)
 z - a +0 cloak of poison resistance (melded)
Jewellery
 j - a +6 ring of intelligence (left front paw)
 k - a ring of ice (right front paw)
 s - a ring of wizardry
 v - an amulet of guardian spirit (around neck)
 y - a ring of wizardry
Wands
 e - a wand of digging (7)
 p - a wand of iceblast (11)
 t - a wand of acid (5)
 w - a wand of polymorph (1)
 A - a wand of flame (16)
 B - a wand of charming (6)
Scrolls
 c - 5 scrolls of enchant weapon
 d - 3 scrolls of teleportation
 l - 2 scrolls of identify
 q - 2 scrolls of vulnerability
 C - a scroll of fear
Potions
 a - 8 potions of curing
 b - 3 potions of attraction
 f - 4 potions of heal wounds
 h - 4 potions of might
 i - 2 potions of brilliance
 m - a potion of invisibility
 n - 5 potions of haste
 r - 2 potions of resistance
 u - 2 potions of flight
 x - 5 potions of ambrosia


   Skills:
 + Level 7.8 Fighting
 + Level 6.6 Dodging
 * Level 10.6 Unarmed Combat
 + Level 6.7 Spellcasting
 * Level 10.2 Transmutations
 - Level 5.0 Ice Magic
 - Level 2.4 Poison Magic


You had 15 spell levels left.
You knew the following spells:

 Your Spells              Type           Power      Damage    Failure   Level
a - Beastly Appendage     Tmut           100%       N/A       1%          1
b - Spider Form           Tmut/Pois      35%        N/A       1%          3
c - Ice Form              Ice/Tmut       57%        N/A       3%          4

Your spell library contained the following spells:

 Spells                   Type           Power      Damage    Failure   Level
 Sting                    Tmut/Pois      100%       1d8       1%          1
 Wereblood                Tmut           51%        N/A       1%          2
 Poisonous Vapours        Pois/Air       24%        N/A       8%          2
 Animate Skeleton         Necr           14%        N/A       9%          1
 Apportation              Tloc           14%        N/A       9%          1
 Magic Dart               Conj           28%        1d4       9%          1
 Summon Small Mammal      Summ           28%        N/A       9%          1
 Blink                    Tloc           14%        N/A       13%         2
 Call Imp                 Summ           7%         N/A       13%         2
 Mephitic Cloud           Conj/Pois/Air  10%        N/A       19%         3
 Lesser Beckoning         Tloc           7%         N/A       26%         3
 Olgreb's Toxic Radiance  Pois           17%        N/A       30%         4
 Manifold Assault         Tloc           7%         N/A       93%         5


Dungeon Overview and Level Annotations

Branches:
Dungeon (11/15)            Temple (1/1) D:4            Lair (0/6) D:11
    Orc (0/2) D:11        Ossuary (visited)          Bailey (visited)

Altars:
Ashenzari
Dithmenos
Elyvilon
Hepliaklqana
Kikubaaqudgha
Makhleb
Qazlal
Ru
Trog
Uskayaw
Vehumet
Wu Jian
Xom
Zin
The Shining One

Annotations:
D:3 2 transporters, anonymous's ghost, amateur TeAE
D:7 1 runed translucent door, RNPValinor's ghost, novice MiFi
D:11 exclusion: manticore, Erolcha


Innate Abilities, Weirdness & Mutations

You are a creature of crystalline ice.
You have a powerful freezing melee attack.
You are amphibious.
Your maximum health is increased.
Your armour is entirely melded.
You are incapable of wielding weapons or throwing items.
((You can breathe blasts of noxious fumes.))
((Your lurid green scales are hard. (AC +7)))
You cannot fit into any form of body armour.
((Your system is resistant to poisons. (rPois)))
((You are cold-blooded and may be slowed by cold attacks.))
You sometimes lose the ability to read scrolls when taking damage.


Message History

An orc comes into view. It is wielding a +0 mace.
A fireball appears from out of thin air!
The fireball explodes!
The fireball engulfs you!! The fire burns you terribly!
The orc shouts!
You warm up again.
Your +0 cloak of poison resistance unmelds from your body.
Your +0 pair of gloves unmelds from your body.
You feel resistant to poison.
Aiming: Breathe Noxious Fumes (3% risk of failure)
Press: ? - help, Shift-Dir - straight line You exhale a blast of noxious fumes.
The blast of choking fumes hits the orc.
The orc is almost dead.
The blast of choking fumes hits something.
The orc is engulfed in noxious fumes.
The orc appears confused.
The orc closely misses you.
Casting: Ice Form (dangerous; 3% risk of failure)
Confirm with . or Enter, or press ? or * to list all spells.
You feel a surge of power!
You turn into a creature of crystalline ice.
Your +0 cloak of poison resistance melds into your body.
Your +0 pair of gloves melds into your body.
The orc is engulfed in noxious fumes.
The orc appears confused.
The orc closely misses you.
The orc is engulfed in noxious fumes.
The orc appears confused.
You hit something but do no damage. Something hits you!!
You feel threatened and lose the ability to read scrolls!
You are too injured to fight recklessly!
You are too injured to fight recklessly!
Unknown command.
The orc is engulfed in noxious fumes.
The orc appears confused.
You punch the orc! You freeze the orc.
You kill the orc!
You pummel something!! You freeze something. Something hits you!!
You barely miss something. You pummel something!! You freeze something!
You hit something but do no damage. Something hits you!!
* * * LOW HITPOINT WARNING * * *
You hit something but do no damage. Something hits you!!
You die...

#.### ####>####
####.......####
##.............###
....#.......#....##
...###.....###....##
8..###.8.8.###.....#
....#.......#..)...#
'#..#..#'#..#..#Y#..#
.##.#.##.##.#.##)##.#
..#.#.#...#.#. ../ .#
.[#.#.#.).#.#.#.!.# #
)##.#.##)##.#.##.##
'#..#..#'#..# #.#
....+.......+ ...
8..###.8.8.## ...
..##.##...##


There were no monsters in sight!

Vanquished Creatures
  Harold (D:7)
  A hydra (D:10)
  2 two-headed ogres
  An orc high priest (Bailey)
  Nergalle (D:10)
  Joseph (D:7)
  An unseen horror (D:10)
  A kobold demonologist (Bailey)
  Maggie (D:7)
  3 trolls
  A queen bee (D:9)
  2 hornets
  2 wyverns
  3 yaks (D:8)
  2 wargs (D:11)
  An acid dragon (D:11)
  4 water moccasins
  A swamp drake (D:11)
  2 sky beasts (D:6)
  2 ice beasts
  17 orc warriors
  3 ogres
  10 centaurs
  2 elf zombies (Ossuary)
  4 kobold brigands
  7 bullfrogs
  2 gnoll sergeants
  A wyvern zombie (D:8)
  A water moccasin zombie (D:5)
  2 water moccasin skeletons
  23 killer bees (D:9)
  8 wights
  2 howler monkeys (D:10)
  4 electric eels (Bailey)
  4 crimson imps (D:9)
  5 centaur zombies
  4 centaur skeletons
  2 hounds
  7 orc priests
  Terence (D:2)
  2 iguanas
  5 orc wizards
  Natasha (thrice) (D:2)
  2 mummies (Ossuary)
  A howler monkey zombie (D:9)
  12 gnolls
  6 adders
  A shadow imp (D:9)
  3 white imps (D:9)
  An adder skeleton (D:4)
  A worm (D:3)
  2 dart slugs (D:3)
  31 orcs
  6 ball pythons
  8 bats
  7 endoplasms
  5 giant cockroaches
  15 goblins
  9 hobgoblins
  7 jackals
  19 kobolds
  4 quokkas
  3 frilled lizards
  2 goblin zombies (Ossuary)
  13 hobgoblin zombies (Ossuary)
  3 jackal zombies (Ossuary)
  2 kobold zombies (Ossuary)
  9 orc zombies (Ossuary)
  9 rats
  3 rat zombies (Ossuary)
336 creatures vanquished.

Vanquished Creatures (others)
  A wizard (D:8)
  A crimson imp (D:9)
  2 orcs (D:5)
4 creatures vanquished.

Grand Total: 340 creatures vanquished

Notes
Turn   | Place    | Note
-------+----------+-------------------------------------------
     0 | D:1      | kae the Draconian Transmuter began the quest for the Orb.
     0 | D:1      | Reached XP level 1. HP: 16/16 MP: 3/3
   344 | D:1      | Reached XP level 2. HP: 21/23 MP: 3/5
   688 | D:1      | Found a faded altar of an unknown god.
  1092 | D:1      | Identified a scroll of acquirement
  1093 | D:1      | Acquired 621 gold pieces
  1140 | D:2      | Reached XP level 3. HP: 23/28 MP: 4/6
  1231 | D:2      | Noticed Natasha
  1244 | D:2      | Killed Natasha
  1253 | D:2      | Learned a level 3 spell: Spider Form
  1377 | D:2      | Noticed Terence
  1388 | D:2      | Noticed Natasha
  1390 | D:2      | Killed Terence
  1391 | D:2      | Reached XP level 4. HP: 6/36 MP: 3/7
  1395 | D:2      | Killed Natasha
  1835 | D:2      | Noticed Natasha
  1846 | D:2      | Killed Natasha
  1847 | D:2      | Reached skill level 1 in Poison Magic
  1847 | D:2      | Reached XP level 5. HP: 36/41 MP: 4/8
  2425 | D:3      | Noticed a phantom
  2469 | D:3      | Found an ornate altar of the Wu Jian Council.
  2693 | D:3      | Learned a level 4 spell: Ice Form
  2826 | D:3      | Found a transporter.
  2829 | D:3      | Noticed anonymous's ghost (amateur TeAE)
  2830 | D:3      | Found a transporter.
  2897 | D:3      | Found a shadowy altar of Dithmenos.
  3176 | D:4      | Noticed an ogre
  3581 | D:4      | Reached XP level 6. HP: 45/50 MP: 5/9
  3762 | D:4      | Reached skill level 1 in Ice Magic
  3961 | D:4      | Found a burning altar of Makhleb.
  4209 | D:4      | Found a staircase to the Ecumenical Temple.
  4482 | Temple   | Entered the Ecumenical Temple
  4489 | Temple   | Became a worshipper of Ru the Awakened
  4525 | D:5      | Entered Level 5 of the Dungeon
  4537 | D:5      | Noticed an ice beast
  4563 | D:5      | Killed an ice beast
  4564 | D:5      | Your scales start taking on a lurid green colour.
  4564 | D:5      | Reached XP level 7. HP: 21/56 MP: 6/11
  4564 | D:5      | Gained mutation: Your system is resistant to poisons.
                  | (rPois) [Green Draconian growth]
  5245 | D:5      | Reached skill level 5 in Unarmed Combat
  5679 | D:6      | Found a sand-covered staircase.
  5757 | Ossuary  | Entered an ossuary
  6104 | Ossuary  | Reached XP level 8. HP: 63/63 MP: 12/12
  6114 | Ossuary  | Reached skill level 5 in Transmutations
  7110 | D:6      | Reached XP level 9. HP: 72/72 MP: 9/15
  7455 | D:7      | Found a glowing silver altar of Zin.
  7516 | D:7      | Noticed Harold
  7528 | D:7      | Killed Harold
  7529 | D:7      | Reached skill level 5 in Ice Magic
  7540 | D:7      | Found a stormy altar of Qazlal.
  7553 | D:7      | Reached skill level 5 in Fighting
  7561 | D:7      | Noticed Maggie
  7579 | D:7      | Killed Maggie
  7648 | D:7      | You fall into a shaft and drop 1 floor!
  7817 | D:8      | Reached XP level 10. HP: 55/81 MP: 7/17
  7918 | D:7      | Noticed Joseph
  7935 | D:7      | Killed Joseph
  7961 | D:7      | Reached skill level 5 in Dodging
  7992 | D:7      | Reached skill level 5 in Spellcasting
  8024 | D:7      | Noticed Duvessa
  8026 | D:7      | Noticed Dowan
  8032 | D:7      | Noticed Duvessa
  8032 | D:7      | Duvessa changed into Duvessa the bullfrog
  8034 | D:7      | Killed Duvessa the bullfrog
  8043 | D:7      | Noticed Dowan
  8043 | D:7      | Dowan changed into Dowan the hound
  8044 | D:7      | Killed Dowan the hound
  8051 | D:7      | Found a flagged portal.
  8056 | Bailey   | Entered a bailey
  8426 | Bailey   | Noticed a sixfirhy
  8892 | Bailey   | Noticed a smoke demon
  8907 | Bailey   | Noticed an orc knight
  9561 | Bailey   | Found an iron altar of Okawaru.
  9688 | Bailey   | Noticed an orc high priest
  9695 | Bailey   | Killed an orc high priest
 10295 | D:7      | Found a glowing golden altar of the Shining One.
 10354 | D:7      | Found a runed translucent door.
 10354 | D:7      | Found a shimmering altar of Xom.
 10354 | D:7      | Noticed RNPValinor's ghost (novice MiFi)
 10354 | D:7      | Noticed a +1 short sword of chaos
 10622 | D:7      | Acquired 792 gold pieces
 10669 | D:8      | Gained mutation: You sometimes lose the ability to read
                  | scrolls when taking damage. [Ru sacrifice]
 10669 | D:8      | Reached * piety under Ru
 10755 | D:8      | Found a bloodstained altar of Trog.
 10758 | D:8      | Noticed a wizard
 10763 | D:8      | Killed a wizard
 11008 | D:8      | Found an ancient bone altar of Kikubaaqudgha.
 11136 | D:8      | Found a white marble altar of Elyvilon.
 11338 | D:8      | Reached XP level 11. HP: 91/91 MP: 13/19
 11513 | D:8      | Paralysed by a hornet for 1 turns
 12180 | D:9      | Noticed a two-headed ogre
 12195 | D:9      | Killed a two-headed ogre
 13723 | D:9      | Found a hazy altar of Hepliaklqana.
 13742 | D:9      | Acquired a +0 cloak of poison resistance
 13764 | D:10     | Entered Level 10 of the Dungeon
 13875 | D:10     | Reached skill level 10 in Unarmed Combat
 14026 | D:10     | Found a radiant altar of Vehumet.
 14302 | D:10     | Noticed a seven-headed hydra
 14316 | D:10     | Killed a seven-headed hydra
 14538 | D:10     | Found a broken altar of Ashenzari.
 15044 | D:10     | Noticed Nergalle
 15058 | D:10     | Killed Nergalle
 15513 | D:11     | Found a staircase to the Lair.
 15550 | D:11     | Noticed Sonja
 15551 | D:11     | Noticed Sonja
 15551 | D:11     | Sonja changed into Sonja the swamp drake
 15558 | D:11     | Killed Sonja the swamp drake
 15559 | D:11     | Reached skill level 10 in Transmutations
 15734 | D:11     | Noticed Maurice
 15738 | D:11     | Noticed Maurice
 15738 | D:11     | Maurice changed into Maurice the acid dragon
 15745 | D:11     | Killed Maurice the acid dragon
 15866 | D:11     | Noticed a two-headed ogre
 15877 | D:11     | Killed a two-headed ogre
 16122 | D:11     | Found a staircase to the Orcish Mines.
 16269 | D:11     | Noticed Erolcha
 16285 | D:11     | Mangled by Erolcha

Illustrated notes

Levels and vault maps discovered:
D:1:      wander_arrival_peaceful_grave, layout_basic, serial_corexii_hall,
          chequers_hall_statues_y, chequers_hall_statues_corner_a,
          chequers_hall_statues_corner_a, corexii_hall_statues_l,
          ebering_ecumenical_altar_webs, minmay_split_cup_small
D:2:      layout_basic, minmay_small_reverse_x, uniq_natasha, uniq_terence
D:3:      layout_basic, nicolae_wu_jian_wuxing_cycle,
          grunt_dithmenos_smoke_and_mirrors, gammafunk_ghost_mausoleum
D:4:      layout_rooms, kennysheep_mini_moat, temple_statues
D:5:      layout_rooms
D:6:      layout_loops_cross, chequers_ossuary_entry_cave
D:7:      wander_river, layout_layer_cave, nicolae_qazlal_general_emergency,
          general_overflow_altar, zin_treasury, ebering_ghost_xom,
          enter_bailey_3, chequers_serial_rivers_large_b,
          minmay_misc_feat_square, uniq_joseph, uniq_maggie, uniq_duvessa,
          uniq_harold
D:8:      layout_gridville, kiku_gazebo_pond_becter, elyvilon_altar_4,
          trog_wizard, columned_hall_lemuel, grunt_decor_one_mirror
D:9:      layout_basic, lemuel_tele_altar, special_room [special_room_bee],
          minmay_nine_imps
D:10:     layout_basic, ashenzari_altar_1, vehumet_altar_wand_db, uniq_nergalle
D:11:     layout_roguey, lair_entry_dummy, david_orc_1_choice, minmay_holes,
          uniq_erolcha, uniq_sonja, uniq_maurice
Temple:   compressed_dpeg_circular_temple

Skill      XL: |  1  2  3  4  5  6  7  8  9 10 11 |
---------------+----------------------------------+-----
Dodging        | 2 3 4 5 6 |  6.6
Fighting       | 2 3 4 5 6 7 |  7.8
Transmutations | 3 4 5 7 8 10 | 10.2
Unarmed Combat | 4 5 6 7 9 10 | 10.6
Poison Magic   | 1 2 |  2.4
Ice Magic      | 1 3 4 5 |  5.0
Spellcasting   | 3 4 5 6 |  6.7

Action                   |  1- 3 |  4- 6 |  7- 9 | 10-12 || total
-------------------------+-------+-------+-------+-------++-------
Melee: Unarmed           |   108 |   211 |   242 |   500 ||  1061
       Tailslap          |    13 |    11 |     4 |       ||    28
       Kick              |    13 |    30 |       |       ||    43
       Headbutt          |     5 |    25 |     1 |       ||    31
       Punch             |     4 |     4 |     2 |     1 ||    11
 Cast: Beastly Appendage |    18 |    36 |     1 |       ||    55
       Spider Form       |     1 |     8 |       |       ||     9
       Ice Form          |       |       |    19 |    56 ||    75
Invok: Sacrifice Words   |       |       |       |     1 ||     1
       Reject Sacrifices |       |       |       |     1 ||     1
 Abil: Breathe Noxious F |       |       |       |     2 ||     2
       End Transformatio |       |       |       |     1 ||     1
Evoke: Wand              |       |       |       |    11 ||    11
  Use: Scroll            |     8 |     8 |     7 |     8 ||    31
       Potion            |       |     2 |     2 |     2 ||     6
 Stab: Sleeping          |       |       |       |     1 ||     1
Armor: Skin              |    31 |    62 |   133 |   201 ||   427
Dodge: Dodged            |    82 |   147 |   118 |   225 ||   572

Table legend: (Time is in decaauts)
 A = Elapsed time spent in this place.
 B = Non-inter-level travel time spent in this place.
 C = Inter-level travel time spent in this place.
 D = Time resting spent in this place.
 E = Time spent auto-exploring this place.
 F = Levels seen in this place.
 G = Mean time per level.
                   A        B        C        D        E       F      G
               +--------+--------+--------+--------+--------+-----+--------+
         Total |  16179 |  15675 |    504 |   1781 |  11127 |  14 | 1155.6 |
       Dungeon |  13553 |  13056 |    497 |    905 |  10043 |  11 | 1232.1 |
        Temple |     14 |      8 |      6 |      0 |      0 |   1 |   14.0 |
       Ossuary |    594 |    594 |      0 |    119 |    303 |   1 |  594.0 |
        Bailey |   2016 |   2016 |      0 |    757 |    781 |   1 | 2016.0 |
               +--------+--------+--------+--------+--------+-----+--------+

Top non-repeatable levels by time:
  Bailey: 2016 daAuts
     D:9: 1746 daAuts
     D:8: 1527 daAuts
    D:10: 1511 daAuts
     D:3: 1261 daAuts
     D:6: 1153 daAuts
     D:2: 1142 daAuts
     D:5: 1139 daAuts
     D:1: 1106 daAuts
     D:7: 998 daAuts
     D:4: 984 daAuts
    D:11: 982 daAuts
 Ossuary: 594 daAuts
  Temple: 14 daAuts
